 Dungeon Crawl Stone Soup version 0.28.0-53-g5a82cb258f (webtiles) character file.

Game seed: 15007703647098574815

17541 ChickenMitten the Severer (level 12, -14/112 HPs)
             Began as a Minotaur Berserker on July 31, 2022.
             Was a High Priest of Trog.
             Killed by an exploding orc warrior (33 damage)
             ... ignited by their inner flame
             ... on level 1 of the Orcish Mines.
             The game lasted 00:19:45 (11980 turns).

ChickenMitten the Severer (Minotaur Berserker)     Turns: 11980, Time: 00:19:49

Health: -14/112    AC: 30    Str: 22 (24) XL:     12   Next: 19%
Magic:  11/11      EV:  8    Int:  1 (4)  God:    Trog [*****.]
Gold:   609        SH:  0    Dex: 12 (15) Spells: 11/11 levels left

rFire   . . .      SeeInvis .   p - +1 battleaxe (venom)
rCold   . . .      Faith    .   (shield currently unavailable)
rNeg    . . .      Spirit   .   i - +10 plate armour of the Four Xenops {rCorr Str-4 Dex+6}
rPois   .          Reflect  .   (helmet restricted)
rElec   .          Harm     .   g - +0 cloak
rCorr   +          Rampage  .   y - +2 pair of gloves
Will    .....                   (no boots)
Stlth   ..........              (no amulet)
HPRegen 0.28/turn               (no ring)
MPRegen 0.12/turn               (no ring)

@: on berserk cooldown
A: horns 2, retaliatory headbutt, mutation resistance 1
a: Renounce Religion, Berserk, Trog's Hand, Brothers in Arms


You were on level 1 of the Orcish Mines.
You worshipped Trog.
Trog was extremely pleased with you.
You visited 2 branches of the dungeon, and saw 13 of its levels.

You collected 827 gold pieces.
You spent 218 gold pieces at shops.

Inventory:

Hand Weapons
 a - a +0 hand axe
 p - a +1 battleaxe of venom (weapon)
Armour
 b - a +0 animal skin
 g - a +0 cloak (worn)
 i - the +10 plate armour of the Four Xenops (worn) {rCorr Str-4 Dex+6}
   (You found it on level 2 of the Dungeon)

   Str:       It affects your strength (-4).
   Dex:       It affects your dexterity (+6).
   rCorr:     It protects you from acid and corrosion.
 y - a +2 pair of gloves (worn)
 B - +1 acid dragon scales
Wands
 C - a wand of acid (3)
 E - a wand of mindburst (6)
 I - a wand of iceblast (4)
 J - a wand of polymorph (9)
 K - a wand of paralysis (5)
Scrolls
 c - 2 scrolls of brand weapon {unknown}
 e - 20 scrolls of identify {unknown}
 h - 2 scrolls of amnesia {unknown}
 k - 5 scrolls of teleportation {unknown}
 m - a scroll of holy word (quivered) {unknown}
 n - a scroll of summoning {unknown}
 v - 5 scrolls of blinking {unknown}
 G - a scroll of vulnerability {unknown}
 L - a scroll of fog {unknown}
Potions
 j - a potion of berserk rage
 q - 2 potions of mutation
 r - a potion of attraction
 u - 2 potions of lignification {unknown}
 z - a potion of invisibility {unknown}
 A - 2 potions of curing
 D - a potion of might
 H - a potion of haste


   Skills:
 * Level 12.1 Fighting
 * Level 17.6 Axes
 * Level 11.8 Armour
 - Level 2.1 Dodging


You had 11 spell levels left.
You didn't know any spells.
Your spell library was empty.

Dungeon Overview and Level Annotations

Branches:
Dungeon (12/15)            Temple (0/1) D:4            Lair (0/6) D:10
    Orc (1/2) D:12

Altars:
Cheibriados
Elyvilon
Fedhas
Hepliaklqana
Kikubaaqudgha
Makhleb
Sif Muna
Trog
Wu Jian
Xom
Jiyva

Shops:
D:1 [:[*=   D:8 [[

Portals:
Trove: D:10 (give +2 storm dragon scales)


Innate Abilities, Weirdness & Mutations

You have a pair of horns on your head.
You reflexively headbutt those who attack you in melee.
You are somewhat resistant to further mutation.


Message History

The fiery explosion engulfs the orc!
Trog accepts your kill.
The fiery explosion engulfs the orc knight!
Flame seeps out of the orc knight.
The orc knight is severely wounded.
The orc explodes!
The fiery explosion engulfs something!
Trog accepts your kill.
Trog appreciates your killing of a magic user.
You feel a bit more experienced. Trog accepts your kill.
You feel a bit more experienced.
The fiery explosion engulfs the orc knight!!
Trog accepts your kill. x2
You feel a bit more experienced.
You hear an explosion!
The orc knight explodes!
The orc wizard explodes!
The fiery explosion engulfs the troll!!
Trog accepts your kill.
The troll leather armour is intact enough to wear.
The fiery explosion engulfs the orc wizard!!
Trog accepts your kill.
Trog appreciates your killing of a magic user.
The orc wizard explodes!
The fiery explosion engulfs the orc warrior!!!
Trog accepts your kill.
The fiery explosion engulfs the orc warrior!!
Trog accepts your kill.
The orc warrior explodes!
The fiery explosion engulfs the orc!!
Trog accepts your kill.
The fiery explosion engulfs the orc!!!
Trog accepts your kill.
The orc explodes! x2
Trog accepts your kill.
Trog will now gift you melee weapons as you gain piety.
You feel a bit more experienced.
The orc warrior explodes!
The fiery explosion engulfs you!!
You die...

##.. ....
$.. ..#
§§#
○○##.#
##○○○.§#.
#@○○○○§..
#u#○○○§..
### ○○§..
§§.. ...
.. .


You could see a cyan ugly thing (inner flame, very poisoned).

Vanquished Creatures
  Erica (D:8)
  A two-headed ogre (D:11)
  Sonja (D:11)
  A deep elf pyromancer (D:10)
  An ugly thing (D:10)
  An orc knight (Orc:1)
  Maurice (D:8)
  3 manticores
  2 cyclopes
  A gargoyle (D:12)
  Joseph (D:8)
  3 unseen horrors
  Maggie (D:10)
  A hornet (D:10)
  6 trolls
  3 slime creatures (D:12)
  A ynoxinul (D:9)
  18 yaks
  A shadow (D:11)
  Sigmund (D:3)
  2 water elementals (D:12)
  2 wyverns (D:10)
  2 steam dragons
  3 vampire mosquitoes (D:12)
  Menkaure (D:4)
  An acid dragon (D:9)
  3 water moccasins
  6 orc warriors
  An ice beast (D:5)
  A black bear (D:5)
  A necrophage (D:6)
  3 sky beasts
  5 centaurs
  Blork the orc (D:4)
  A kobold brigand (D:10)
  2 bullfrogs
  A gnoll sergeant (D:10)
  3 scorpions
  3 water moccasin zombies
  A water moccasin skeleton (D:6)
  10 wights
  A howler monkey (D:8)
  2 bullfrog zombies
  4 centaur zombies (D:10)
  8 orc priests
  3 hounds
  A gnoll shaman (D:6)
  4 iguanas
  9 orc wizards
  A hound skeleton (D:4)
  8 adders
  4 gnolls
  2 shadow imps
  A white imp (D:7)
  An ufetubus (D:4)
  An adder skeleton (D:4)
  3 dart slugs
  34 orcs
  9 ball pythons
  8 endoplasms
  A giant cockroach (D:3)
  6 goblins
  10 hobgoblins
  7 jackals
  A quokka (D:1)
  13 bats
  4 frilled lizards
  9 kobolds
  2 rats
259 creatures vanquished.

Vanquished Creatures (others)
  A human (D:4)
  25 plants
26 creatures vanquished.

Grand Total: 285 creatures vanquished

Notes
Turn   | Place    | Note
-------+----------+-------------------------------------------
     0 | D:1      | ChickenMitten the Minotaur Berserker began the quest for
                  | the Orb.
     0 | D:1      | Reached XP level 1. HP: 19/19 MP: 0/0
    48 | D:1      | Found a viscous altar of Jiyva.
    48 | D:1      | Noticed a jelly
    48 | D:1      | Noticed a jelly
    48 | D:1      | Noticed a jelly
    48 | D:1      | Noticed a jelly
    48 | D:1      | Noticed a jelly
    48 | D:1      | Noticed a jelly
    50 | D:1      | Noticed a jelly
    51 | D:1      | Noticed a jelly
    61 | D:1      | Noticed a jelly
   296 | D:1      | Reached XP level 2. HP: 27/27 MP: 1/1
   303 | D:1      | Found Kiupij's Armour Shoppe.
   311 | D:1      | Reached skill level 4 in Axes
   353 | D:1      | Found Zovouq's Book Boutique.
   562 | D:1      | Found Biecvaant's Antique Armour Emporium.
   735 | D:1      | Found Kiem's Assorted Antiques.
   849 | D:1      | Reached XP level 3. HP: 25/33 MP: 2/2
   949 | D:1      | Found Dusmiekh's Jewellery Shoppe.
   952 | D:1      | Reached ** piety under Trog
  1632 | D:2      | Identified the +10 plate armour of the Four Xenops {rCorr
                  | Str-4 Dex+6}
  1809 | D:2      | Reached XP level 4. HP: 41/41 MP: 3/3
  2133 | D:3      | Reached skill level 5 in Axes
  2466 | D:3      | Noticed Sigmund
  2483 | D:3      | Killed Sigmund
  2484 | D:3      | Reached skill level 5 in Fighting
  2484 | D:3      | Reached skill level 6 in Axes
  2484 | D:3      | Reached XP level 5. HP: 48/48 MP: 4/4
  2563 | D:3      | Found a snail-covered altar of Cheibriados.
  2712 | D:2      | Reached XP level 6. HP: 28/57 MP: 5/5
  2988 | D:3      | Found a white marble altar of Elyvilon.
  3345 | D:4      | Noticed Blork the orc
  3349 | D:4      | Noticed Menkaure
  3352 | D:4      | Killed Blork the orc
  3359 | D:4      | Killed Menkaure
  3359 | D:4      | Reached *** piety under Trog
  3360 | D:4      | Reached skill level 7 in Axes
  3360 | D:4      | Reached XP level 7. HP: 63/63 MP: 6/6
  3487 | D:4      | Found an ancient bone altar of Kikubaaqudgha.
  3487 | D:4      | Noticed a human
  3494 | D:4      | Killed a human
  3526 | D:4      | Found a staircase to the Ecumenical Temple.
  3809 | D:4      | Found a burning altar of Makhleb.
  3915 | D:4      | Found an ornate altar of the Wu Jian Council.
  4088 | D:5      | Entered Level 5 of the Dungeon
  4228 | D:1      | Bought a glowing battleaxe for 218 gold pieces
  4320 | D:5      | Reached skill level 8 in Axes
  4320 | D:5      | Reached skill level 5 in Armour
  4613 | D:5      | Reached XP level 8. HP: 71/71 MP: 7/7
  4615 | D:5      | Reached skill level 9 in Axes
  4732 | D:5      | Found a hazy altar of Hepliaklqana.
  5190 | D:6      | Reached skill level 10 in Axes
  5463 | D:6      | Reached skill level 11 in Axes
  5521 | D:6      | Reached **** piety under Trog
  5522 | D:6      | Reached XP level 9. HP: 80/80 MP: 8/8
  6400 | D:7      | Reached skill level 12 in Axes
  6668 | D:8      | Noticed a manticore
  6679 | D:8      | Killed a manticore
  6802 | D:8      | Found Yxematwu's Armour Emporium.
  7014 | D:8      | Noticed Joseph
  7014 | D:8      | Noticed Maurice
  7022 | D:8      | Killed Joseph
  7023 | D:8      | Reached skill level 13 in Axes
  7027 | D:8      | Killed Maurice
  7028 | D:8      | Reached XP level 10. HP: 70/90 MP: 9/9
  7269 | D:8      | Noticed Erica
  7272 | D:8      | Killed Erica
  7525 | D:8      | Found Xaxug's Armour Boutique.
  7928 | D:9      | Found a shimmering altar of Xom.
  7982 | D:9      | Reached skill level 14 in Axes
  8106 | D:9      | Found a bloodstained altar of Trog.
  8372 | D:9      | Found a shimmering blue altar of Sif Muna.
  8800 | D:9      | Reached skill level 10 in Fighting
  8800 | D:9      | Reached skill level 10 in Armour
  8812 | D:9      | Found a blossoming altar of Fedhas.
  8898 | D:10     | Entered Level 10 of the Dungeon
  9125 | D:10     | Reached skill level 15 in Axes
  9126 | D:10     | Reached XP level 11. HP: 101/101 MP: 10/10
  9188 | D:10     | Found a portal to a secret trove of treasure.
  9296 | D:10     | Found a staircase to the Lair.
  9325 | D:10     | Noticed a deep elf pyromancer
  9326 | D:10     | Noticed a red ugly thing
  9329 | D:10     | Found a runed translucent door.
  9376 | D:10     | Noticed Maggie
  9383 | D:10     | Killed Maggie
  9659 | D:10     | Killed a red ugly thing
  9660 | D:10     | Killed a deep elf pyromancer
 10023 | D:10     | Reached skill level 16 in Axes
 10460 | D:11     | Noticed Sonja
 10465 | D:11     | Killed Sonja
 10680 | D:11     | Noticed a two-headed ogre
 10685 | D:11     | Killed a two-headed ogre
 11021 | D:12     | Reached skill level 17 in Axes
 11375 | D:12     | Reached XP level 12. HP: 75/112 MP: 11/11
 11907 | D:12     | Found a staircase to the Orcish Mines.
 11939 | D:12     | Noticed a four-headed hydra
 11941 | D:12     | Noticed a two-headed ogre
 11942 | D:12     | Noticed a six-headed hydra
 11956 | D:12     | Gained mutation: You are somewhat resistant to further
                  | mutation. [potion of mutation]
 11970 | Orc:1    | Entered Level 1 of the Orcish Mines
 11980 | Orc:1    | Reached ***** piety under Trog
 11980 | Orc:1    | Killed by an exploding orc warrior... ignited by their
                  | inner flame

Illustrated notes

Levels and vault maps discovered:
D:1:      erik_arrival_cave_to_civilisation [erik_arrival_cave_to_temple],
          layout_basic, serial_shops, shop_coins, nicolae_shop_hallway_plus,
          nicolae_shop_crystal, shop, nicolae_shop_advertising_works
          [nicolae_subvault_shop_adworks]
D:2:      minmay_general_purpose_star, layout_rooms
D:3:      layout_basic, mainiacjoe_overflow_alcove_2, elyvilon_altar_3,
          minmay_strange_pillars, uniq_sigmund
D:4:      layout_basic, lemuel_round_altar, tgw_kikubaaqudgha,
          nicolae_overflow_crystal_walls, minmay_temple_entry_gardened_gates,
          kennysheep_generic_room_5, uniq_blork_the_orc, uniq_menkaure
D:5:      layout_cave_pools, mainiacjoe_overflow_brackets,
          chequers_hall_statues_y
D:6:      layout_basic
D:7:      layout_basic
D:8:      layout_loops_cross, serial_shops, nicolae_shop_hallway_stairs, shop,
          uniq_joseph, uniq_erica, uniq_maurice
D:9:      layout_long_grid, nzn_overflow_gifts_of_might_and_magic,
          lemuel_coloured_pillars_altar, overflow_temple_1_default
D:10:     layout_roguey, lair_entry_dummy, enter_trove_2, minmay_st_funbox,
          uniq_maggie
D:11:     layout_small_grid, gauntlet_entry_generic, serial_bayou_pond_e,
          uniq_sonja
D:12:     layout_roguey, orc_0_dummy, serial_bayou, serial_bayou_pond_c,
          serial_bayou_pond_e, serial_bayou_pond_b, serial_bayou_pond_a,
          serial_bayou_pond_c, hex_medium
Orc:1:    layout_diamond_mine

Skill      XL: |  1  2  3  4  5  6  7  8  9 10 11 12 |
---------------+-------------------------------------+-----
Fighting       | 4 5 6 7 8 10 11 12 | 12.1
Axes           | 4 6 7 8 11 13 15 17 | 17.6
Armour         | 3 4 5 6 8 10 11 | 11.8
Dodging        | |  2.1

Action                   |  1- 3 |  4- 6 |  7- 9 | 10-12 || total
-------------------------+-------+-------+-------+-------++-------
Melee: Hand axe          |    83 |    71 |    38 |       ||   192
       Headbutt          |    10 |    13 |    53 |    49 ||   125
       Battleaxe         |       |       |   174 |   228 ||   402
       Punch             |       |       |     1 |       ||     1
Invok: Berserk           |     2 |     2 |     3 |    12 ||    19
  Use: Potion            |       |       |       |     9 ||     9
       Scroll            |       |       |       |     5 ||     5
Armor: Animal skin       |    22 |       |       |       ||    22
       Plate armour      |     5 |    53 |   172 |   285 ||   515
Dodge: Dodged            |    56 |    27 |    88 |   119 ||   290
